 Dungeon Crawl Stone Soup version 0.31-a0-1036-g31867e143a (webtiles) character file.

Game seed: 18237461172337196781

1235 Gynju the Skirmisher (level 8, -2/49 HPs)
             Began as a Tengu Hunter on Nov 19, 2023.
             Was an Initiate of Ru.
             Killed from afar by an acid dragon (39 damage)
             ... with a splash of acid
             ... on level 5 of the Dungeon.
             The game lasted 00:07:04 (4342 turns).

Gynju the Skirmisher (Tengu Hunter)                 Turns: 4342, Time: 00:07:04

Health: -2/49      AC: 12    Str: 11    XL:     8   Next: 49%
Magic:  9/9        EV: 12    Int: 14    God:    Ru [......]
Gold:   310        SH:  0    Dex: 26    Spells: 7/7 levels left

rFire   + . .        a - +0 shortbow
rCold   . . .        (shield currently unavailable)
rNeg    . . .        B - +7 chain mail of Parghen {*Slow rF+ Int+4 SInv}
rPois   +            (helmet restricted)
rElec   .            r - scarf {harm}
rCorr   .            i - +0 pair of gloves
SInv    +            (boots unavailable)
Will    .....        (no amulet) Stlth
                     d - ring of poison resistance
HPRegen 0.28/turn    t - +6 ring of dexterity
MPRegen 0.11/turn

%: slow self (1%), harm (+30% outgoing, +20% incoming), acrobat
@: corroded, flying
A: beak, talons 3, evasive flight, acrobatic
a: Renounce Religion


You were on level 5 of the Dungeon.
You worshipped Ru.
Ru was noncommittal.
You visited 2 branches of the dungeon, and saw 6 of its levels.
You also visited: Sewer.

You collected 310 gold pieces.

Inventory:

Hand Weapons
 a - a +0 shortbow (weapon)
 h - a +2 whip of electrocution
Armour
 i - a +0 pair of gloves (worn)
 r - a scarf of harm (worn)
 u - a +2 robe of willpower
 y - a +0 troll leather armour {Pargi}
 B - the +7 chain mail of Parghen (worn) {*Slow rF+ Int+4 SInv}
   (You found it in a sewer)

   Int+4:     It affects your intelligence (+4).
   rF+:       It protects you from fire.
   SInv:      It lets you see invisible.
   *Slow:     It may slow you when you take damage.
Jewellery
 d - a ring of poison resistance (left hand)
 q - a ring of protection from cold
 t - a +6 ring of dexterity (right hand)
 x - a ring of resist corrosion
 A - a ring of positive energy
 E - a ring of magical power
Scrolls
 b - a scroll of butterflies
 c - a scroll of vulnerability {unknown}
 f - a scroll of enchant weapon {unknown}
 g - 2 scrolls of fear {unknown}
 l - a scroll of revelation {unknown}
 o - a scroll of amnesia {unknown}
 s - 3 scrolls of identify {unknown}
 v - a scroll of silence {unknown}
 C - a scroll of teleportation {unknown}
 D - a scroll of poison {unknown}
Potions
 e - a potion of resistance {unknown}
 j - 2 potions of heal wounds {unknown}
 k - a potion of brilliance {unknown}
 m - a potion of degeneration {unknown}
 n - 5 potions of lignification {unknown}
 p - a potion of magic {unknown}
 w - 2 potions of haste {unknown}
 z - a potion of berserk rage


   Skills:
 + Level 5.2 Fighting
 * Level 8.9 Ranged Weapons
 + Level 5.8 Dodging
 - Level 1.0 Stealth


You had 7 spell levels left.
You didn't know any spells.
Your spell library contained the following spells:

 Spells                   Type           Power      Damage    Failure   Level
 Ensorcelled Hibernation  Hex/Ice        0%         N/A       100%        2
 Jinxbite                 Hex            0%         N/A       100%        2
 Inner Flame              Hex/Fire       0%         N/A       100%        3
 Anguish                  Hex/Necr       0%         N/A       100%        4
 Yara's Violent Unravell  Hex/Tmut       0%         3d3       100%        5
 Conjure Ball Lightning   Conj/Air       0%         3x3d6     100%        6
 Enfeeble                 Hex            0%         N/A       100%        7
 Discord                  Hex            0%         N/A       100%        8
 Disjunction              Tloc           0%         N/A       100%        8


Dungeon Overview and Level Annotations

Branches:
Dungeon (5/15)             Temple (1/1) D:4           Sewer (visited)

Altars:
Ashenzari
Cheibriados
Dithmenos
Elyvilon
Gozag
Hepliaklqana
Kikubaaqudgha
Nemelex Xobeh
Okawaru
Qazlal
Ru
Sif Muna
Vehumet
Wu Jian
Xom
Yredelemnul
Zin
The Shining One

Shops:
D:2 (


Innate Abilities, Weirdness & Mutations

You have a beak for a mouth.
You have claws for feet.
Your magical flight helps you evade attacks. (EV +4)
You can magically evade attacks while moving or waiting.


Message History

The dart slug is severely wounded.
The dart slug launches a dart at you. The slug dart misses you.
You shoot an arrow. The arrow hits the dart slug!
You kill the dart slug!
No target in view!
There is an open door here.
n - 5 sedimented silvery potions (gained 2)
There is an open door here.
You see here a +0 dagger of holy wrath.
You see here a +0 pair of gloves.
There is a stone staircase leading down here.
There is a stone staircase leading up here.
There is an open door here.
Key pressed, stopping explore.
You reach down and open the door.
An acid dragon comes into view.
The acid dragon roars!
Found a basalt altar of Yredelemnul.
An acid dragon is nearby!
An acid dragon is nearby!
An acid dragon is nearby!
You shoot an arrow.
The arrow barely misses the acid dragon.
You shoot an arrow.
The arrow barely misses the acid dragon.
The acid dragon spits acid at you. The splash of acid hits you!
The acid corrodes you!
You shoot an arrow.
The arrow barely misses the acid dragon.
You shoot an arrow. The arrow hits the acid dragon!
The acid dragon is moderately wounded.
The acid dragon bites you but does no damage.
The acid dragon claws you but does no damage.
You shoot an arrow.
The arrow completely misses the acid dragon.
The acid dragon spits acid at you. The splash of acid hits you!!
Ouch! That really hurt!
You die...

##########......###########.
#............. #.#.
#.......########...
#................#.
###.....##########. ##.#####
#... ##### #...####### #...
§.§.§.#...#.§.§.§# #...
._....D@..'...._.# #...
§.§.§.#...#.§.§.§# #...
##### #...####### #...
##.#### #...
#....#########...
####.............
###########... #... #...


You could see an acid dragon (catching breath).

Vanquished Creatures
  Grinder (D:5)
  A hornet (D:5)
  Sigmund (D:3)
  Eustachio (D:5)
  Menkaure (D:5)
  Pargi (Sewer)
  A kobold brigand (D:5)
  2 hounds
  An orc priest (D:5)
  A jelly (D:5)
  An orc wizard (D:5)
  3 adders (D:2)
  A worm (D:3)
  3 dart slugs
  14 orcs
  8 ball pythons
  15 bats
  4 endoplasms
  A giant cockroach (D:5)
  5 goblins (D:1)
  8 hobgoblins
  10 jackals
  5 quokkas
  3 frilled lizards (D:3)
  12 kobolds
  8 rats
112 creatures vanquished.

Notes
Turn   | Place    | Note
-------+----------+-------------------------------------------
     0 | D:1      | Gynju the Tengu Hunter began the quest for the Orb.
     0 | D:1      | Reached XP level 1. HP: 12/12 MP: 2/2
   137 | D:1      | Reached XP level 2. HP: 17/17 MP: 3/3
   434 | D:1      | Reached XP level 3. HP: 22/22 MP: 4/4
   461 | D:1      | Reached skill level 5 in Ranged Weapons
   540 | D:1      | You fall into a shaft and drop 1 floor!
   607 | D:2      | Found Giavvein's Antique Weapon Shop.
   911 | D:1      | Reached XP level 4. HP: 27/27 MP: 5/5
  1428 | D:2      | Found a hazy altar of Hepliaklqana.
  1733 | D:3      | Found a glowing silver altar of Zin.
  2059 | D:3      | Reached XP level 5. HP: 30/32 MP: 6/6
  2119 | D:3      | Found a broken altar of Ashenzari.
  2123 | D:3      | Noticed Sigmund
  2148 | D:3      | Killed Sigmund
  2149 | D:3      | Reached skill level 6 in Ranged Weapons
  2149 | D:3      | Reached XP level 6. HP: 21/37 MP: 7/7
  2339 | D:4      | Found a stormy altar of Qazlal.
  2507 | D:4      | Found a sacrificial altar of Ru.
  2589 | D:4      | Became a worshipper of Ru the Awakened
  2616 | D:4      | Found a staircase to the Ecumenical Temple.
  2985 | Temple   | Entered the Ecumenical Temple
  2997 | D:5      | Entered Level 5 of the Dungeon
  2997 | D:5      | Found a glowing drain.
  3010 | Sewer    | Entered a sewer
  3054 | Sewer    | Noticed Pargi
  3094 | Sewer    | Killed Pargi
  3137 | Sewer    | Identified the +7 chain mail of Parghen {*Slow rF+ Int+4
                  | SInv}
  3218 | D:5      | Reached skill level 7 in Ranged Weapons
  3218 | D:5      | Gained mutation: Your magical flight helps you evade
                  | attacks. (EV +4) [Tengu growth]
  3218 | D:5      | Reached XP level 7. HP: 42/42 MP: 8/8
  3251 | D:5      | Noticed Menkaure
  3259 | D:5      | Killed Menkaure
  3442 | D:5      | Found a glowing golden altar of the Shining One.
  3519 | D:5      | Noticed a hornet
  3525 | D:5      | Killed a hornet
  3526 | D:5      | Reached skill level 5 in Dodging
  3617 | D:5      | Noticed Eustachio
  3635 | D:5      | Killed Eustachio
  3636 | D:5      | Reached skill level 8 in Ranged Weapons
  3636 | D:5      | Reached XP level 8. HP: 15/48 MP: 9/9
  3957 | D:5      | Noticed Grinder
  4051 | D:5      | Paralysed by Grinder for 2 turns
  4057 | D:5      | Killed Grinder
  4058 | D:5      | Reached skill level 5 in Fighting
  4198 | D:5      | Found an ornate altar of the Wu Jian Council.
  4337 | D:5      | Found a basalt altar of Yredelemnul.
  4342 | D:5      | Killed from afar by an acid dragon

Illustrated notes

Levels and vault maps discovered:
D:1:      minmay_arrival_wavy_path, layout_basic
D:2:      layout_loops_ring, serial_shops, shop, basic_altar,
          minmay_misc_feat_square
D:3:      layout_rooms, mainiacjoe_overflow_surrounded_room, zin_statuary,
          uniq_sigmund
D:4:      layout_loops_cross, old_standard_altar, grunt_qazlal_sundering,
          minmay_temple_entry_wispy, minivault_27, minmay_misc_feat_more_columns
D:5:      cheibrodos_fertilizer, layout_basic, grunt_temple_overflow_holy_war,
          nicolae_wu_jian_immortal_techniques, portal_sewer_entry_f,
          uniq_menkaure, uniq_eustachio, uniq_grinder
Temple:   minmay_freezing_vapour_temple

Skill      XL: |  1  2  3  4  5  6  7  8 |
---------------+-------------------------+-----
Ranged Weapons | 5 6 7 8 |  8.9
Dodging        | 3 4 5 |  5.8
Fighting       | 3 4 5 |  5.2
Stealth        | |  1.0

Action                     |  1- 3 |  4- 6 |  7- 9 || total
---------------------------+-------+-------+-------++-------
   Fire: Shortbow          |   117 |   179 |   100 ||   396
 Armour: Leather armour    |    35 |    23 |       ||    58
         Robe              |       |     8 |       ||     8
         Chain mail        |       |       |    92 ||    92
  Dodge: Dodged            |    44 |    42 |   118 ||   204

Table legend: (Time is in decaauts)
 A = Elapsed time spent in this place.
 B = Non-inter-level travel time spent in this place.
 C = Inter-level travel time spent in this place.
 D = Time resting spent in this place.
 E = Time spent auto-exploring this place.
 F = Levels seen in this place.
 G = Mean time per level.
                   A        B        C        D        E       F      G
               +--------+--------+--------+--------+--------+-----+--------+
         Total |   4452 |   4298 |    154 |    113 |   3281 |   7 |  636.0 |
       Dungeon |   4282 |   4128 |    154 |    113 |   3222 |   5 |  856.4 |
        Temple |      1 |      1 |      0 |      0 |      0 |   1 |    1.0 |
         Sewer |    168 |    168 |      0 |      0 |     59 |   1 |  168.0 |
               +--------+--------+--------+--------+--------+-----+--------+

Top non-repeatable levels by time:
     D:5: 1097 daAuts
     D:1: 861 daAuts
     D:4: 825 daAuts
     D:2: 758 daAuts
     D:3: 739 daAuts
   Sewer: 168 daAuts
  Temple: 1 daAuts
